 Dungeon Crawl Stone Soup version 0.25-a0-558-g78a2afb0af (webtiles) character file.

Game seed: 8910843229788025185, levelgen mode: deterministic

50 Flugslaktarn the Shield-Bearer (level 4, 8/37 HPs)
             Began as a Formicid Fighter on Feb 24, 2020.
             Quit the game on level 2 of the Dungeon.
             The game lasted 00:00:36 (1111 turns).

Flugslaktarn the Shield-Bearer (Formicid Fighter)   Turns: 1111, Time: 00:00:36

Health: 8/37       AC:  7    Str: 22    XL:     4   Next: 4%
Magic:  4/4        EV:  8    Int:  7    God:
Gold:   103        SH:  9    Dex: 10    Spells: 3/3 levels left

rFire    . . .     SeeInvis +   a - +0 war axe
rCold    . . .     Gourm    .   c - +0 kite shield
rNeg     . . .     Faith    .   b - +0 scale mail
rPois    .         Spirit   .   (helmet unavailable)
rElec    .         Reflect  .   (no cloak)
rCorr    .         Harm     .   (no gloves)
MR       .....                  (no boots)
Stlth    ..........             (no amulet)
HPRegen  0.12/turn              (no ring)
MPRegen  0.09/turn              (no ring)

@: no status effects
A: permanent stasis, dig shafts and tunnels, four strong arms, antennae 3
a: Dig, Shaft Self


You were on level 2 of the Dungeon.
You were not hungry.

You visited 1 branch of the dungeon, and saw 2 of its levels.

You collected 103 gold pieces.

Inventory:

Hand Weapons
 a - a +0 war axe (weapon)
Armour
 b - a +0 scale mail (worn)
 c - a +0 kite shield (worn)
Scrolls
 f - a scroll of teleportation {unknown}
 j - a scroll of remove curse {unknown}
 k - a scroll of fear {unknown}
 l - 2 scrolls of identify {unknown}
Potions
 d - 3 potions of might
 h - a potion of heal wounds {unknown}
 i - 2 potions of haste {unknown}
 m - a potion of curing {unknown}
Comestibles
 e - a ration
 g - 3 chunks of flesh


   Skills:
 + Level 3.7 Fighting
 * Level 2.9 Axes
 + Level 3.7 Armour
 + Level 4.1 Shields


You had 3 spell levels left.
You didn't know any spells.
Your spell library was empty.

Dungeon Overview and Level Annotations

Branches:
Dungeon (2/15)

Altars:


Innate Abilities, Weirdness & Mutations

You cannot be hasted, slowed, berserked, paralysed or teleported.
You can dig through walls and to a lower floor.
Your four strong arms can wield two-handed weapons with a shield.
You have a pair of large antennae on your head. (SInv)


Message History

You are too injured to fight recklessly!
You are too injured to fight recklessly!
You are too injured to fight recklessly!
You are too injured to fight recklessly!
You are too injured to fight recklessly!
You are too injured to fight recklessly!
You are too injured to fight recklessly!
You miss the sky beast. The sky beast hits you.
* * * LOW HITPOINT WARNING * * *
The sky beast shocks you.
* * * LOW HITPOINT WARNING * * *
You barely miss the sky beast. The sky beast barely misses you.
The sky beast hits you but does no damage.
You hit the sky beast but do no damage. You block the sky beast's attack.
Unknown command.
There is a stone staircase leading down here.
Some of the chunks of flesh in your inventory have rotted away.
The sky beast flickers out of sight for a moment.
The sky beast flickers out of sight for a moment.
Are you sure you want to abandon this character and quit the game? (Confirm with "yes".)

### ## #########
...###.###########.......#
#........@Y#...#.........#
#
#........#...#...........#
##
#.......#########........#
.##
#.......#########........#
..###
#........................#
.)...
......#.#########........#
.#..# #####.#.# #........#
#.# #.#.## #........#
###.########.#..#####
#........#


You could see a sky beast (invisible).

Vanquished Creatures
  An adder (D:2)
  2 dart slugs (D:1)
  A leopard gecko (D:2)
  5 goblins
  5 hobgoblins
  8 jackals (D:2)
  5 bats
  A frilled lizard (D:2)
  2 kobolds (D:1)
  A rat (D:2)
31 creatures vanquished.

Notes
Turn   | Place    | Note
-------+----------+-------------------------------------------
     0 | D:1      | Flugslaktarn the Formicid Fighter began the quest for the
                  | Orb.
     0 | D:1      | Reached XP level 1. HP: 18/18 MP: 1/1
   197 | D:1      | Reached XP level 2. HP: 23/24 MP: 2/2
   645 | D:2      | Reached XP level 3. HP: 25/29 MP: 3/3
   652 | D:2      | Reached skill level 4 in Shields
   979 | D:2      | Reached XP level 4. HP: 33/37 MP: 4/4
  1072 | D:2      | Noticed a sky beast
  1111 | D:2      | Quit the game

Levels and vault maps discovered:
D:1:      dpeg_arrival_houses_and_road, layout_basic, fountainhead,
          minmay_misc_feat_nine_boxes
D:2:      layout_rooms, zin_statuary, grunt_decor_resistance

Skill      XL: |  1  2  3 |
---------------+----------+-----
Shields        | 4 |  4.1
Fighting       | |  3.7
Axes           | |  2.9
Armour         | |  3.7

Action                   |  1- 3 |  4- 6 || total
-------------------------+-------+-------++-------
Melee: War axe           |    87 |    16 ||   103
  Eat: Chunk             |       |     1 ||     1
Armor: Scale mail        |    60 |    11 ||    71
Dodge: Dodged            |    58 |     7 ||    65
Block: Kite shield       |    64 |     8 ||    72

Table legend:
 A = Non-vault XP
 B = Vault XP
 C = Vault XP percentage of total XP
 D = Non-vault monster count
 E = Vault monster count
 F = Vault count percentage of total count
                 A         B        C        D         E       F
            +---------+---------+-------+---------+---------+-------
      Total |      72 |       0 |   0.0 |      31 |       0 |   0.0
            +---------+---------+-------+---------+---------+-------
        D:1 |      22 |       0 |   0.0 |      10 |       0 |   0.0
        D:2 |      50 |       0 |   0.0 |      21 |       0 |   0.0
            +---------+---------+-------+---------+---------+-------
